SA
CONNETQUOT CHIEFS @ PUT-IN-BAY BC
05/05/2022
 
TOP OF THE 1ST
Connetquot Chiefs batting - Pitching for Put-In-Bay BC : LHP Ramiro García
Pitching: LHP Ramiro García
Batting: RHB Juan Salinas 0-0: Ball
1-0: Ball
2-0: Ball
3-0: Called Strike
3-1: SINGLE (Groundball, 56D) (infield hit)
Batting: RHB Menno van de Vlugt 0-0: Called Strike
0-1: Ball
1-1: Ball
2-1: Called Strike
2-2: Strikes out looking
Batting: RHB Arturo Morales 0-0: Ball
1-0: Ball
2-0: 2-RUN HOME RUN (Flyball, 78XD), Distance : 401 ft
Batting: RHB Miguel Rodríguez 0-0: Called Strike
0-1: Called Strike
0-2: Foul Ball, location: 2F
0-2: Ball
1-2: Ball
2-2: Fly out, F2 (Popup, 2RF)
Batting: RHB José Magana 0-0: Called Strike
0-1: Foul Ball, location: 2F
0-2: SINGLE (Groundball, 34D)
Batting: RHB Mario Rivera 0-0: Fly out, F7 (Flyball, 78D)
Top of the 1st over - 2 run(s), 3 hit(s), 0 error(s), 1 left on base; Connetquot 2 - Put-In-Bay 0
BOTTOM OF THE 1ST
Put-In-Bay BC batting - Pitching for Connetquot Chiefs : LHP Alejandro Ramos
Pitching: LHP Alejandro Ramos
Batting: RHB Barton Nagel 0-0: Called Strike
0-1: Ball
1-1: Ball
2-1: Fly out, F7 (Flyball, 7S)
Batting: RHB Ron Johnston 0-0: Ball
1-0: Swinging Strike
1-1: Foul Ball, location: 2F
1-2: Foul Ball, location: 2F
1-2: Strikes out swinging
Batting: RHB Ken Little 0-0: Called Strike
0-1: Ball
1-1: Ball
2-1: Foul Ball, location: 2F
2-2: Foul Ball, location: 2F
2-2: SINGLE (Flyball, 9LS)
Batting: RHB Ed Adams 0-0: Ball
1-0: Ball
2-0: Foul Ball, location: 2F
2-1: Ball
3-1: Base on Balls
Ken Little to second
Batting: RHB Carlos Trujillo 0-0: Ball
1-0: Called Strike
1-1: Fielders Choice at 2nd, U6 (Groundball, 6M)
Bottom of the 1st over - 0 run(s), 1 hit(s), 0 error(s), 2 left on base; Connetquot 2 - Put-In-Bay 0
TOP OF THE 2ND
Connetquot Chiefs batting - Pitching for Put-In-Bay BC : LHP Ramiro García
Batting: RHB Emanuel Bree 0-0: Called Strike
0-1: DOUBLE (Groundball, 3D)
Batting: RHB John Burton 0-0: Ball
1-0: Ball
2-0: Foul Ball, location: 2F
2-1: Ground out 3-1 (Groundball, 34)
Emanuel Bree to third
Batting: RHB Enrique Morales 0-0: SINGLE (Groundball, 56D) (infield hit)
Emanuel Bree scores
Batting: RHB Juan Salinas 0-0: Ball
Wild Pitch!
Enrique Morales to second
1-0: Ball
2-0: Called Strike
2-1: Foul Ball, location: 2F
2-2: Strikes out swinging
Batting: RHB Menno van de Vlugt 0-0: Ball
1-0: Fly out, F7 (Flyball, 8LS)
Top of the 2nd over - 1 run(s), 2 hit(s), 0 error(s), 1 left on base; Connetquot 3 - Put-In-Bay 0
BOTTOM OF THE 2ND
Put-In-Bay BC batting - Pitching for Connetquot Chiefs : LHP Alejandro Ramos
Batting: RHB Rocky Cantrell 0-0: Called Strike
0-1: Ball
1-1: Ball
2-1: Foul Ball, location: 2F
2-2: Strikes out swinging
Batting: RHB Preston Hernández 0-0: Foul Ball, location: 2F
0-1: Ball
1-1: Ball
2-1: Called Strike
2-2: Fly out, F9 (Flyball, 9S)
Batting: RHB Manuel Sánchez 0-0: Called Strike
0-1: Ball
1-1: Swinging Strike
1-2: Ball
2-2: SINGLE (Line Drive, 6MD)
Batting: SHB Dylan Carson 0-0: Ball
1-0: Fly out, F9 (Popup, 9LS)
Bottom of the 2nd over - 0 run(s), 1 hit(s), 0 error(s), 1 left on base; Connetquot 3 - Put-In-Bay 0
TOP OF THE 3RD
Connetquot Chiefs batting - Pitching for Put-In-Bay BC : LHP Ramiro García
Batting: RHB Arturo Morales 0-0: Ball
1-0: Foul Ball, location: 2F
1-1: Ball
2-1: SINGLE (Line Drive, 56)
Batting: RHB Miguel Rodríguez 0-0: Foul Ball, location: 2F
0-1: Called Strike
0-2: Ball
1-2: Ball
2-2: Strikes out swinging
Batting: RHB José Magana 0-0: Ball
1-0: Grounds into double play, 5-4-3 (Groundball, 5L)
Top of the 3rd over - 0 run(s), 1 hit(s), 0 error(s), 0 left on base; Connetquot 3 - Put-In-Bay 0
BOTTOM OF THE 3RD
Put-In-Bay BC batting - Pitching for Connetquot Chiefs : LHP Alejandro Ramos
Batting: RHB Barton Nagel 0-0: Ball
1-0: Ball
2-0: Ground out 6-3 (Groundball, 6)
Batting: RHB Ron Johnston 0-0: Called Strike
0-1: Ball
1-1: Ball
2-1: SINGLE (Line Drive, 7LS)
Batting: RHB Ken Little 0-0: Ball
1-0: Called Strike
1-1: Foul Ball, location: 2F
1-2: Ball
Ron Johnston is caught stealing 2nd base
2-2: Ball
3-2: Base on Balls
Batting: RHB Ed Adams 0-0: Called Strike
0-1: Ball
1-1: Foul Ball, location: 2F
1-2: Ball
2-2: Ball
3-2: DOUBLE (Flyball, 9D)
Ken Little to third
Ken Little scores
Batting: RHB Carlos Trujillo 0-0: Ball
1-0: Ball
2-0: Ball
3-0: Base on Balls
Batting: RHB Rocky Cantrell 0-0: Called Strike
0-1: Ball
1-1: Swinging Strike
1-2: Ball
2-2: Ball
3-2: Strikes out swinging
Bottom of the 3rd over - 1 run(s), 2 hit(s), 0 error(s), 2 left on base; Connetquot 3 - Put-In-Bay 1
TOP OF THE 4TH
Connetquot Chiefs batting - Pitching for Put-In-Bay BC : LHP Ramiro García
Batting: RHB Mario Rivera 0-0: Ball
1-0: Ball
2-0: Ball
3-0: Called Strike
3-1: Base on Balls
Batting: RHB Emanuel Bree 0-0: Swinging Strike
0-1: Ball
1-1: Foul Ball, location: 2F
1-2: Ball
2-2: Fielders Choice at 2nd, 1-4 (Groundball, 13)
Batting: RHB John Burton 0-0: Called Strike
0-1: Ball
1-1: Called Strike
1-2: Foul Ball, location: 2F
1-2: Foul Ball, location: 2F
1-2: Strikes out swinging
Batting: RHB Enrique Morales 0-0: Called Strike
0-1: Ball
1-1: Foul Ball, location: 2F
1-2: Ball
2-2: Strikes out swinging
Top of the 4th over - 0 run(s), 0 hit(s), 0 error(s), 1 left on base; Connetquot 3 - Put-In-Bay 1
BOTTOM OF THE 4TH
Put-In-Bay BC batting - Pitching for Connetquot Chiefs : LHP Alejandro Ramos
Batting: RHB Preston Hernández 0-0: Ball
1-0: Ball
2-0: Foul Ball, location: 2F
2-1: Fly out, F8 (Flyball, 8RM)
Batting: RHB Manuel Sánchez 0-0: Ball
1-0: Ground out 6-3 (Groundball, 6)
Batting: SHB Dylan Carson 0-0: Ball
1-0: Ground out 5-3 (Groundball, 5L)
Bottom of the 4th over - 0 run(s), 0 hit(s), 0 error(s), 0 left on base; Connetquot 3 - Put-In-Bay 1
TOP OF THE 5TH
Connetquot Chiefs batting - Pitching for Put-In-Bay BC : LHP Ramiro García
Batting: RHB Juan Salinas 0-0: Called Strike
0-1: Swinging Strike
0-2: Strikes out swinging
Batting: RHB Menno van de Vlugt 0-0: Called Strike
0-1: Ball
1-1: Swinging Strike
1-2: Ball
2-2: Strikes out swinging
Batting: RHB Arturo Morales 0-0: Ball
1-0: Ball
2-0: Ground out 1-3 (Groundball, 15S)
Top of the 5th over - 0 run(s), 0 hit(s), 0 error(s), 0 left on base; Connetquot 3 - Put-In-Bay 1
BOTTOM OF THE 5TH
Put-In-Bay BC batting - Pitching for Connetquot Chiefs : LHP Alejandro Ramos
Batting: RHB Barton Nagel 0-0: Called Strike
0-1: Bunt missed!
0-2: Foul Ball, location: 2F
0-2: Strikes out looking
Pitching: RHP Mark Bell
Batting: RHB Ron Johnston 0-0: Swinging Strike
0-1: Ball
1-1: Called Strike
1-2: Ball
2-2: Ball
3-2: Ground out 6-3 (Groundball, 6)
Batting: RHB Ken Little 0-0: Ball
1-0: Hit by Pitch
Batting: RHB Ed Adams 0-0: Ball
1-0: Swinging Strike
1-1: Called Strike
1-2: Foul Ball, location: 2F
1-2: Strikes out swinging
Bottom of the 5th over - 0 run(s), 0 hit(s), 0 error(s), 1 left on base; Connetquot 3 - Put-In-Bay 1
TOP OF THE 6TH
Connetquot Chiefs batting - Pitching for Put-In-Bay BC : LHP Ramiro García
Batting: RHB Miguel Rodríguez 0-0: Foul Ball, location: 2F
0-1: Ball
1-1: Ball
2-1: Ground out 4-3 (Groundball, 4)
Batting: RHB José Magana 0-0: Ball
1-0: Foul Ball, location: 2F
1-1: Foul Ball, location: 2F
1-2: Foul Ball, location: 2F
1-2: Ball
2-2: Ball
3-2: Foul Ball, location: 2F
3-2: Strikes out looking
Batting: RHB Mario Rivera 0-0: Foul Ball, location: 2F
0-1: Hit by Pitch
Batting: RHB Emanuel Bree 0-0: Fly out, F5 (Line Drive, 5L)
Top of the 6th over - 0 run(s), 0 hit(s), 0 error(s), 1 left on base; Connetquot 3 - Put-In-Bay 1
BOTTOM OF THE 6TH
Put-In-Bay BC batting - Pitching for Connetquot Chiefs : RHP Mark Bell
Batting: RHB Carlos Trujillo 0-0: Called Strike
0-1: Ball
1-1: Called Strike
1-2: Fly out, F7 (Flyball, 78M)
Batting: RHB Rocky Cantrell 0-0: Ball
1-0: Foul Ball, location: 2F
1-1: Fly out, F8 (Flyball, 8LM)
Batting: RHB Preston Hernández 0-0: DOUBLE (Line Drive, 9LM)
Batting: RHB Manuel Sánchez 0-0: Swinging Strike
0-1: Ball
1-1: Ground out 4-3 (Groundball, 4)
Bottom of the 6th over - 0 run(s), 1 hit(s), 0 error(s), 1 left on base; Connetquot 3 - Put-In-Bay 1
TOP OF THE 7TH
Connetquot Chiefs batting - Pitching for Put-In-Bay BC : LHP Ramiro García
Batting: RHB John Burton 0-0: Called Strike
0-1: Ball
1-1: Swinging Strike
1-2: Ball
2-2: Foul Ball, location: 2F
2-2: Strikes out looking
Batting: RHB Enrique Morales 0-0: Swinging Strike
0-1: Ball
1-1: Ball
2-1: Swinging Strike
2-2: Foul Ball, location: 2F
2-2: Strikes out swinging
Batting: RHB Juan Salinas 0-0: Ground out 2-3 (Groundball, 13S)
Top of the 7th over - 0 run(s), 0 hit(s), 0 error(s), 0 left on base; Connetquot 3 - Put-In-Bay 1
BOTTOM OF THE 7TH
Put-In-Bay BC batting - Pitching for Connetquot Chiefs : RHP Mark Bell
Batting: SHB Dylan Carson 0-0: Foul Ball, location: 2F
0-1: Ball
1-1: Swinging Strike
1-2: Ball
2-2: Foul Ball, location: 2F
2-2: Strikes out swinging
Batting: RHB Barton Nagel 0-0: Called Strike
0-1: Foul Ball, location: 2F
0-2: Ball
1-2: Ball
2-2: Ground out 2-3 (Groundball, 2R)
Batting: RHB Ron Johnston 0-0: Ball
1-0: Called Strike
1-1: Swinging Strike
1-2: Ground out 6-3 (Groundball, 6M)
Bottom of the 7th over - 0 run(s), 0 hit(s), 0 error(s), 0 left on base; Connetquot 3 - Put-In-Bay 1
TOP OF THE 8TH
Connetquot Chiefs batting - Pitching for Put-In-Bay BC : LHP Ramiro García
Batting: RHB Menno van de Vlugt 0-0: Called Strike
0-1: Foul Ball, location: 2F
0-2: Ball
1-2: Foul Ball, location: 2F
1-2: Ball
2-2: Ball
3-2: Strikes out swinging
Pitching: LHP José Tovar
Batting: RHB Arturo Morales 0-0: Ball
1-0: Ball
2-0: Called Strike
2-1: Swinging Strike
2-2: Ball
3-2: Foul Ball, location: 2F
3-2: Base on Balls
Batting: RHB Miguel Rodríguez 0-0: Called Strike
0-1: Ball
1-1: Called Strike
1-2: Ball
2-2: Foul Ball, location: 2F
2-2: Ground out 4-3 (Groundball, 13)
Arturo Morales to second
Batting: RHB José Magana 0-0: Ball
1-0: Fly out, F9 (Flyball, 9S)
Top of the 8th over - 0 run(s), 0 hit(s), 0 error(s), 1 left on base; Connetquot 3 - Put-In-Bay 1
BOTTOM OF THE 8TH
Put-In-Bay BC batting - Pitching for Connetquot Chiefs : RHP Mark Bell
Batting: RHB Ken Little 0-0: Foul Ball, location: 2F
0-1: Foul Ball, location: 2F
0-2: Strikes out swinging
Batting: RHB Ed Adams 0-0: Ball
1-0: Foul Ball, location: 2F
1-1: Ball
2-1: Foul Ball, location: 2F
2-2: Strikes out swinging
Batting: RHB Carlos Trujillo 0-0: Foul Ball, location: 2F
0-1: Called Strike
0-2: Ball
1-2: Fly out, F8 (Flyball, 8RM)
Bottom of the 8th over - 0 run(s), 0 hit(s), 0 error(s), 0 left on base; Connetquot 3 - Put-In-Bay 1
TOP OF THE 9TH
Connetquot Chiefs batting - Pitching for Put-In-Bay BC : LHP José Tovar
Batting: RHB Mario Rivera 0-0: Swinging Strike
0-1: Ground out 4-3 (Groundball, 34S)
Batting: RHB Emanuel Bree 0-0: Fly out, F7 (Line Drive, 78M)
Batting: RHB John Burton 0-0: Called Strike
0-1: Ball
1-1: Fly out, F3 (Popup, 34)
Top of the 9th over - 0 run(s), 0 hit(s), 0 error(s), 0 left on base; Connetquot 3 - Put-In-Bay 1
BOTTOM OF THE 9TH
Put-In-Bay BC batting - Pitching for Connetquot Chiefs : RHP Mark Bell
Pitching: RHP Carlos Rosales
Batting: RHB Rocky Cantrell 0-0: Foul Ball, location: 2F
0-1: Ball
1-1: Ball
2-1: Foul Ball, location: 2F
2-2: Foul Ball, location: 2F
2-2: Foul Ball, location: 2F
2-2: Ball
3-2: Foul Ball, location: 2F
3-2: Base on Balls
Pinch Hitting: LHB Felipe Martínez 0-0: Ball
1-0: SINGLE (Groundball, 34D)
Rocky Cantrell to second
Runner from 2nd tries for 3rd, SAFE, throw made to third
Pinch Hitting: RHB Eddie Davis 0-0: Ball
1-0: Foul Ball, location: 2F
1-1: Hit by Pitch
Felipe Martínez to second
Pinch Hitting: LHB Miguel Archuleta 0-0: Called Strike
0-1: Ball
1-1: Foul Ball, location: 2F
1-2: Foul Ball, location: 2F
1-2: Strikes out swinging
Pinch Hitting: SHB Jim Unknown 0-0: Ball
1-0: Foul Ball, location: 2F
1-1: Ball
2-1: Ball
3-1: Base on Balls
Rocky Cantrell scores
Felipe Martínez to third
Eddie Davis to second
Batting: RHB Ron Johnston 0-0: Swinging Strike
0-1: Ball
1-1: Swinging Strike
1-2: Ball
2-2: Ball
3-2: SINGLE (Line Drive, 6)
Felipe Martínez scores
Eddie Davis to third
Jim Unknown to second
Batting: RHB Ken Little 0-0: Grounds into fielders choice 6-2 (Groundball, 6M)
Jim Unknown to third
Ron Johnston to second
Batting: RHB Ed Adams 0-0: Called Strike
0-1: Ball
1-1: Foul Ball, location: 2F
1-2: Strikes out swinging
Bottom of the 9th over - 2 run(s), 2 hit(s), 0 error(s), 3 left on base; Connetquot 3 - Put-In-Bay 3
TOP OF THE 10TH
Connetquot Chiefs batting - Pitching for Put-In-Bay BC : LHP José Tovar
Pitching: RHP Vicente García
Now at C: Felipe Martínez
Now at 1B: Jim Unknown
Now in CF: Héctor Gonzáles
Now in RF: Dale Miller
Pinch Hitting: SHB Britt Ducker 0-0: SINGLE (Groundball, 4MD) (infield hit)
Batting: RHB Juan Salinas 0-0: Bunt - Flyout! F5
Batting: RHB Menno van de Vlugt 0-0: Ball
1-0: Ball
2-0: SINGLE (Line Drive, 3D)
Britt Ducker to second
Runner from 2nd tries for 3rd, SAFE, throw made to third
Batting: RHB Arturo Morales 0-0: Called Strike
0-1: SINGLE (Flyball, 89S)
Britt Ducker scores
Menno van de Vlugt to second
Runner from 2nd tries for 3rd, SAFE, no throw or cutoff
Batting: RHB Miguel Rodríguez 0-0: Ball
1-0: Called Strike
1-1: Swinging Strike
1-2: Ball
2-2: Foul Ball, location: 2F
2-2: Foul Ball, location: 2F
2-2: Ball
3-2: Strikes out looking
Batting: RHB José Magana 0-0: Swinging Strike
0-1: Foul Ball, location: 2F
0-2: Strikes out swinging
Top of the 10th over - 1 run(s), 3 hit(s), 0 error(s), 2 left on base; Connetquot 4 - Put-In-Bay 3
BOTTOM OF THE 10TH
Put-In-Bay BC batting - Pitching for Connetquot Chiefs : RHP Carlos Rosales
Now at C: Tim Taylor
Now at 3B: Fernando Mendoza
Now in LF: Britt Ducker
Batting: RHB Carlos Trujillo 0-0: Ball
1-0: Fly out, F9 (Flyball, 89M)
Pinch Hitting: SHB Álex Gutiérrez 0-0: Fly out, F7 (Flyball, 7M)
Batting: LHB Felipe Martínez 0-0: Ball
1-0: Swinging Strike
1-1: Swinging Strike
1-2: Foul Ball, location: 2F
1-2: Strikes out swinging
Bottom of the 10th over - 0 run(s), 0 hit(s), 0 error(s), 0 left on base; Connetquot 4 - Put-In-Bay 3
This league is powered by Out of the Park Baseball, the baseball management simulation game for PC, Mac and Linux
Friday, April 15th, 2016 - OOTP Baseball 16.9 Build 39